 Dungeon Crawl Stone Soup version 0.25-a0-890-g62861fb195 (webtiles) character file.

Game seed: 12965550230463495928, levelgen mode: deterministic

14042 mortelune the Markscentaur (level 11, -1/97 HPs)
             Began as a Centaur Hunter on May 2, 2020.
             Was a High Priest of Okawaru.
             Slain by a soul eater (15 damage)
             ... in a Gauntlet.
             The game lasted 00:43:35 (21242 turns).

mortelune the Markscentaur (Centaur Hunter)        Turns: 21242, Time: 00:43:35

Health: -1/97      AC: 21    Str: 26    XL:     11   Next: 83%
Magic:  13/13      EV:  9    Int: 10    God:    Okawaru [*****.]
Gold:   423        SH:  0    Dex: 15    Spells: 10/10 levels left

rFire    + + .     SeeInvis .   b - +0 trident
rCold    + . .     Gourm    .   (no shield)
rNeg     . . .     Faith    .   U - +6 scale mail of Miuq {rF+ Str+4 Dex+3}
rPois    +         Spirit   .   J - +0 helmet
rElec    +         Reflect  .   m - +2 cloak
rCorr    +         Harm     .   (no gloves)
MR       .....     NoTele   +   V - +0 centaur barding of Greater Demons {Str+4 Dex+2}
Stlth    ..........             w - amulet of magic regeneration
HPRegen  0.26/turn              o - +3 ring of evasion
MPRegen  0.38/turn              n - ring of flight

@: resistant, lightly drained, very quick
A: large, hooves 3, deformed body, speed 2, mutation resistance 1, tough skin 3,
subdued magic 1
a: Heroism, Finesse, Renounce Religion, Evoke Flight


You were in a Gauntlet.
You worshipped Okawaru.
Okawaru was extremely pleased with you.
You were not hungry.

You visited 3 branches of the dungeon, and saw 14 of its levels.
You also visited: Sewer, Bailey and Gauntlet.

You collected 608 gold pieces.
You spent 185 gold pieces at shops.

Inventory:

Hand Weapons
 a - a +1 shortbow
 b - a +0 trident (weapon)
 H - a +1 halberd
Missiles
 j - 221 arrows
 l - 4 throwing nets
 y - 33 poisoned darts (quivered)
 Q - 79 bolts
Armour
 c - a +0 leather armour
 i - a +2 chain mail of cold resistance
 m - a +2 cloak (worn)
 p - a +0 crystal plate armour
 u - a +3 ring mail
 J - a +0 helmet (worn)
 U - the +6 scale mail of Miuq (worn) {rF+ Str+4 Dex+3}
   (You found it on level 2 of the Lair of Beasts)

   It affects your strength (+4).
   It affects your dexterity (+3).
   It protects you from fire.
 V - the +0 centaur barding of Greater Demons (worn) {Str+4 Dex+2}
   (Okawaru gifted it to you on level 3 of the Lair of Beasts)

   It affects your strength (+4).
   It affects your dexterity (+2).
Jewellery
 n - a ring of flight (right hand)
 o - a +3 ring of evasion (left hand)
 s - an uncursed ring of ice
 w - an amulet of magic regeneration (around neck)
 C - an uncursed ring of resist corrosion
 E - an uncursed ring of fire
 O - an uncursed amulet of faith {unknown}
 R - an uncursed amulet of guardian spirit {unknown}
Wands
 d - a wand of disintegration (9)
 t - a wand of flame (18)
 x - a wand of clouds (6)
 K - a wand of polymorph (7)
 N - a wand of scattershot (4)
Scrolls
 e - 3 scrolls of fear
 k - a scroll of enchant weapon
 q - 13 scrolls of remove curse
 A - 7 scrolls of teleportation
 B - a scroll of blinking
 D - a scroll of immolation
 M - a scroll of vulnerability
 P - 2 scrolls of noise
 W - a scroll of random uselessness {unknown}
Potions
 g - a potion of mutation
 h - 3 potions of magic
 r - a potion of resistance
 v - 2 potions of lignification
 F - 3 potions of might
 I - 2 potions of brilliance {unknown}
 L - 2 potions of flight
 S - a potion of stabbing
 T - a potion of invisibility {unknown}
 X - a potion of haste {unknown}
Comestibles
 f - 20 rations


   Skills:
 + Level 9.2(8.8) Fighting
 + Level 10.4(9.9) Polearms
 + Level 15.2(14.7) Bows
 + Level 2.8(2.4) Armour
 - Level 1.3(1.0) Dodging
 - Level 0.4(0.0) Stealth
 - Level 3.0(2.6) Invocations


You had 10 spell levels left.
You didn't know any spells.
Your spell library contained the following spells:

 Spells                   Type           Power        Failure   Level  Hunger
 Infusion                 Chrm           #...         61%         1    ##.....
 Magic Dart               Conj           #...         61%         1    ##.....
 Searing Ray              Conj           #.....       75%         2    ###....
 Shroud of Golubria       Chrm/Tloc      #.....       75%         2    ###....
 Song of Slaying          Chrm           #.......     75%         2    ###....
 Dazzling Flash           Conj/Hex       #.....       93%         3    ####...
 Ozocubu's Armour         Chrm/Ice       #.......     93%         3    ####...
 Spectral Weapon          Hex/Chrm       #.......     93%         3    ####...
 Fulminant Prism          Conj/Hex       #.........   100%        4    #####..
 Iskenderun's Mystic Bla  Conj/Tloc      #.......     100%        4    #####..


Dungeon Overview and Level Annotations

Branches:
Dungeon (10/15)            Temple (1/1) D:4            Lair (3/6) D:10
 Spider (0/4) Lair:2        Sewer (visited)          Bailey (visited)
Gauntlet (1/1)
  Swamp: Lair:2-4    Shoals: Lair:2-4       Orc: D:9-12

Altars:
Ashenzari
Cheibriados
Elyvilon
Fedhas
Gozag
Hepliaklqana
Kikubaaqudgha
Makhleb
Nemelex Xobeh
Okawaru
Qazlal
Ru
Sif Muna
Trog
Uskayaw
Vehumet
Wu Jian
Yredelemnul
Zin

Shops:
D:4 *   D:5 [   D:6 ?   D:8 :

Annotations:
D:10 Sonja
Lair:1 Gastronok Gauntlet 11 transporters, exclusion: ice statue


Innate Abilities, Weirdness & Mutations

You have hooves in place of feet.
Armour fits poorly on your strangely shaped body.
You cover ground very quickly.
You have extremely tough skin. (AC +3)
You are somewhat resistant to further mutation.
Your spells are a little easier to cast, but a little less powerful.


Message History

* * * LOW HITPOINT WARNING * * *
The soul eater is healed.
You hit the soul eater but do no damage.
Your kick misses the soul eater.
The soul eater is severely wounded.
The soul eater hits you but does no damage.
You feel protected. The soul eater hits you.
* * * LOW HITPOINT WARNING * * *
It was a potion of ambrosia.
You are confused.
You feel invigorated.
The soul eater draws from the surrounding life force!
* * * LOW HITPOINT WARNING * * *
The soul eater is healed.
What are your orders? t - Shout!
Anything else - Cancel.
Okay, then.
You feel better.
You feel less invigorated. The soul eater hits you!
You die...

##..###########..###########..##
#≈.∩............................
##......∩.......................
##≈#≈#≈..#########..#########..
######..#.....!.#..#......8#..
#§§.#5#####}#..#.##...[#..
##..#5..55#5####.#.##..###
#≈.©#####3###©©#.#.©#.©#©©
##..#...#@..####k##..#=###
#≈..#.#.###.#..#..####.#..
##..#©#...'.#..#.......#..
#≈..#########..#########..
##...................§§...
#≈....................§§..
##≈#§#≈#≈#≈#≈#≈#≈#≈#≈#§#≈#
#########################


You could see a soul eater, a rime drake and 2 shadow imps.

Vanquished Creatures
  Harold (D:9)
  A hydra (Lair:2)
  An orc knight (Bailey)
  An ugly thing (D:10)
  A black mamba (Lair:3)
  Joseph (D:8)
  4 spiny frogs
  3 komodo dragons (Lair:2)
  Prince Ribbit (D:7)
  5 hippogriffs
  5 blink frogs (Lair:2)
  A vampire (D:9)
  Grum (D:8)
  A steam dragon (D:9)
  3 hungry ghosts
  2 porcupines
  2 water moccasins (Lair:2)
  8 orc warriors
  A sky beast (D:8)
  3 phantoms
  5 ogres
  10 wolves
  8 centaurs
  A big kobold (D:8)
  6 crocodiles
  9 bullfrogs
  5 scorpions
  5 killer bees
  2 howler monkeys
  A centaur zombie (D:9)
  5 crimson imps
  5 jellies
  8 orc priests
  2 hounds
  4 orc wizards
  2 centaur skeletons
  3 iguanas
  3 worker ants
  Terence (D:3)
  A killer bee zombie (D:7)
  A hound zombie (D:6)
  A hound skeleton (D:10)
  14 gnolls
  13 adders
  A shadow imp (Gauntlet)
  3 oozes
  An adder skeleton (D:8)
  2 adder zombies
  2 worms
  A dart slug (D:2)
  6 leopard geckos
  50 orcs
  6 ball pythons (Sewer)
  6 bats
  8 giant cockroaches
  2 gnoll zombies (D:5)
  13 goblins
  9 hobgoblins
  15 jackals
  23 kobolds
  3 quokkas
  8 frilled lizards
  8 rats
328 creatures vanquished.

Vanquished Creatures (others)
  A gnoll (D:9)
  A fungus (Lair:1)
  A plant (Gauntlet)
3 creatures vanquished.

Grand Total: 331 creatures vanquished

Notes
Turn   | Place    | Note
-------+----------+-------------------------------------------
     0 | D:1      | mortelune the Centaur Hunter began the quest for the Orb.
     0 | D:1      | Reached XP level 1. HP: 17/17 MP: 1/1
   372 | D:1      | Reached XP level 2. HP: 25/25 MP: 2/2
  1072 | D:2      | Reached skill level 6 in Bows
  1199 | D:2      | Reached XP level 3. HP: 26/30 MP: 3/3
  1909 | D:2      | Found a stormy altar of Qazlal.
  1998 | D:3      | Reached XP level 4. HP: 35/38 MP: 4/4
  2345 | D:3      | Reached skill level 1 in Polearms
  3050 | D:3      | Noticed Terence
  3745 | D:3      | Reached XP level 5. HP: 45/45 MP: 5/5
  3917 | D:3      | Killed Terence
  3917 | D:3      | Reached skill level 7 in Bows
  4542 | D:4      | Gained mutation: You are weak. (Str -2) [potion of
                  | mutation]
  4542 | D:4      | Gained mutation: You are partially covered in slimy green
                  | scales. (AC +2) [potion of mutation]
  4544 | D:4      | Lost mutation: You are weak. (Str -2) [potion of mutation]
  4544 | D:4      | Lost mutation: You are partially covered in slimy green
                  | scales. (AC +2) [potion of mutation]
  4544 | D:4      | Gained mutation: Your spells are a little easier to cast,
                  | but a little less powerful. [potion of mutation]
  4544 | D:4      | Gained mutation: You are somewhat resistant to further
                  | mutation. [potion of mutation]
  4997 | D:4      | Found Riacygah's General Store.
  5004 | D:4      | Bought a scroll of fear for 35 gold pieces
  5004 | D:4      | Bought a scroll of teleportation for 30 gold pieces
  5004 | D:4      | Bought a potion of curing for 30 gold pieces
  5004 | D:4      | Bought a scroll of identify for 20 gold pieces
  5034 | D:4      | Reached XP level 6. HP: 46/52 MP: 6/6
  5184 | D:4      | Reached skill level 8 in Bows
  5268 | D:4      | Found a staircase to the Ecumenical Temple.
  5307 | Temple   | Entered the Ecumenical Temple
  5476 | Temple   | Became a worshipper of Warmaster Okawaru
  5571 | D:4      | Reached XP level 7. HP: 59/59 MP: 7/7
  6168 | D:5      | Entered Level 5 of the Dungeon
  6168 | D:5      | Found Monerchimm's Antique Armour Shoppe.
  6423 | D:5      | Reached skill level 9 in Bows
  6431 | D:5      | Found a glowing drain.
  6434 | D:5      | Reached * piety under Okawaru
  6454 | Sewer    | Entered a sewer
  7857 | D:5      | Reached XP level 8. HP: 66/67 MP: 8/8
  7860 | D:5      | Reached skill level 5 in Fighting
  8063 | D:5      | Found a basalt altar of Yredelemnul.
  8585 | D:6      | Reached skill level 5 in Polearms
  8821 | D:6      | Reached skill level 10 in Bows
  9234 | D:6      | Found an ornate altar of the Wu Jian Council.
  9386 | D:6      | Found Cuheing's Magic Scroll Shop.
  9389 | D:6      | Bought a scroll of teleportation for 42 gold pieces
  9389 | D:6      | Bought a scroll of identify for 28 gold pieces
  9582 | D:7      | Noticed Prince Ribbit
  9608 | D:7      | Killed Prince Ribbit
  9608 | D:7      | Reached ** piety under Okawaru
  9733 | D:7      | Reached skill level 11 in Bows
  9754 | D:7      | Reached XP level 9. HP: 71/75 MP: 9/9
 10466 | D:7      | Found a burning altar of Makhleb.
 10948 | D:8      | Reached *** piety under Okawaru
 11234 | D:8      | Noticed Grum
 11361 | D:7      | HP: 2/78 [wolf[Grum] (6)]
 11374 | D:7      | Reached skill level 12 in Bows
 11926 | D:8      | Killed Grum
 12180 | D:8      | Noticed Joseph
 12201 | D:8      | Killed Joseph
 12201 | D:8      | Reached **** piety under Okawaru
 12509 | D:8      | Found Ovvaetye's Book Boutique.
 12597 | D:8      | Reached XP level 10. HP: 39/86 MP: 10/10
 13241 | D:8      | Reached skill level 13 in Bows
 13444 | D:9      | Found a flagged portal.
 13463 | Bailey   | Entered a bailey
 13471 | Bailey   | Noticed an orc knight
 13778 | Bailey   | Killed an orc knight
 14744 | D:9      | Received a gift from Okawaru
 15269 | D:9      | Noticed Harold
 15802 | D:9      | Reached skill level 1 in Invocations
 16177 | D:9      | Killed Harold
 16177 | D:9      | Reached skill level 14 in Bows
 16530 | D:9      | Found a sacrificial altar of Ru.
 16532 | D:9      | Found a bloodstained altar of Trog.
 16532 | D:9      | Found a white marble altar of Elyvilon.
 16534 | D:9      | Found a burning altar of Makhleb.
 16650 | D:10     | Entered Level 10 of the Dungeon
 16794 | D:10     | Received a gift from Okawaru
 16794 | D:10     | Reached XP level 11. HP: 80/94 MP: 12/12
 16796 | D:10     | Noticed a green ugly thing
 16836 | D:10     | Killed a green ugly thing
 17061 | D:10     | Found a staircase to the Lair.
 17072 | D:10     | Noticed Sonja
 17080 | Lair:1   | Entered Level 1 of the Lair of Beasts
 17191 | Lair:1   | Noticed Gastronok
 17549 | Lair:2   | Found a hole to the Spider Nest.
 17566 | Lair:2   | Received a gift from Okawaru
 17747 | Lair:2   | Received a gift from Okawaru
 18047 | Lair:1   | Noticed a six-headed hydra
 18116 | Lair:2   | Reached ***** piety under Okawaru
 18534 | Lair:2   | Reached skill level 1 in Armour
 18863 | Lair:2   | Noticed a five-headed hydra
 18919 | Lair:2   | Killed a five-headed hydra
 18919 | Lair:2   | Received a gift from Okawaru
 18919 | Lair:2   | Reached skill level 10 in Polearms
 19768 | Lair:2   | Got a polished scale mail
 19815 | Lair:2   | Reached skill level 15 in Bows
 20087 | Lair:2   | Identified the +6 scale mail of Miuq {rF+ Str+4 Dex+3} (You
                  | found it on level 2 of the Lair of Beasts)
 20517 | Lair:3   | Received a gift from Okawaru
 20552 | Lair:3   | Received a gift from Okawaru
 20553 | Lair:3   | Got a distressingly furry centaur barding {god gift}
 20559 | Lair:3   | Identified the +0 centaur barding of Greater Demons {Str+4
                  | Dex+2} (Okawaru gifted it to you on level 3 of the Lair of
                  | Beasts)
 20682 | Lair:3   | Found a gate leading to a gauntlet.
 20689 | Gauntlet | Entered a Gauntlet
 20689 | Gauntlet | Found a transporter.
 20689 | Gauntlet | Found a transporter.
 20689 | Gauntlet | Noticed a soul eater
 20962 | Gauntlet | Found a transporter.
 20965 | Gauntlet | Found a transporter.
 20965 | Gauntlet | Found a transporter.
 20973 | Gauntlet | Found a transporter.
 20973 | Gauntlet | Found a transporter.
 20974 | Gauntlet | Found a transporter.
 20974 | Gauntlet | Noticed a death scarab
 20976 | Gauntlet | Found a transporter.
 20984 | Gauntlet | Found a transporter.
 20984 | Gauntlet | Found a transporter.
 21003 | Gauntlet | Noticed an eight-headed hydra
 21020 | Gauntlet | Found a runed translucent door.
 21045 | Gauntlet | Found a transporter.
 21242 | Gauntlet | Slain by a soul eater

Levels and vault maps discovered:
D:1:      lightli_arrival_flooded_house, layout_loops_cross,
          minmay_fountain_box, grunt_decor_one_mirror
D:2:      minmay_evil_eye, layout_loops_ring, marbit_many_paths, first_ration,
          minmay_misc_feat_four_crosses, st_stairs_14
D:3:      layout_loops_ring, uniq_terence
D:4:      layout_basic, temple_statues, serial_shops, nicolae_shop_waterfront
D:5:      layout_rooms, lemuel_zombie_altar_yredelemnul, serial_shops,
          nicolae_shop_waterfront, gup_sewer_entry_pipe
D:6:      layout_cave_pools, lemuel_doored_altar, serial_shops,
          kennysheep_mini_moat
D:7:      lemuel_upstairs_altar, layout_loops_ring, uniq_prince_ribbit1
D:8:      layout_gridville, serial_shops, kennysheep_mini, uniq_joseph,
          uniq_grum
D:9:      layout_rooms, minitemple, enter_bailey_3, special_room
          [special_room_orc], uniq_harold
D:10:     layout_loops_ring, lair_entry_dummy, basic_altar, grunt_ogre_cave,
          uniq_sonja
Temple:   regret_index_temple_generic_petals
Lair:1:   layout_regular_city, chequers_serial_rivers_micro_d,
          grunt_megastairs_2, uniq_gastronok
Lair:2:   layout_cave_pods, dummy_spider_entry
Lair:3:   layout_gridlike, gauntlet_entry_generic,
          gammafunk_ghost_abyssal_escape, st_stairs_3
Gauntlet: minmay_gauntlet_mixed_big_or_small [gammafunk_gauntlet_arena_crates,
          minmay_gauntlet_arena_77_path, nicolae_gauntlet_arena_blocks,
          minmay_gauntlet_arena_77_hold_the_fort,
          nicolae_gauntlet_arena_flowing_pool,
          minmay_gauntlet_arena_77_two_paths,
          nicolae_gauntlet_exit_dead_adventurers]

Skill      XL: |  1  2  3  4  5  6  7  8  9 10 11 |
---------------+----------------------------------+-----
Bows           | 6 7 8 9 11 12 14 15 | 15.2
Fighting       | 3 4 5 7 8 9 |  9.2
Polearms       | 1 2 3 4 6 8 9 10 | 10.4
Invocations    | 2 3 |  3.0
Armour         | 2 |  2.8
Dodging        | |  1.3
Stealth        | |  0.4

Action                   |  1- 3 |  4- 6 |  7- 9 | 10-12 || total
-------------------------+-------+-------+-------+-------++-------
Melee: Short sword       |    68 |       |       |       ||    68
       Kick              |    13 |    11 |    69 |    90 ||   183
       Halberd           |    19 |    69 |       |    45 ||   133
       Trident           |       |    33 |   369 |   273 ||   675
       Punch             |       |       |       |     3 ||     3
       Shortbow          |       |       |       |     1 ||     1
 Fire: Shortbow          |    31 |   116 |   280 |   549 ||   976
Throw: Dart              |       |       |       |     2 ||     2
Invok: Heroism           |       |       |     5 |     9 ||    14
       Finesse           |       |       |       |     3 ||     3
 Abil: Evoke Flight      |       |       |       |     6 ||     6
       Stop Flying       |       |       |       |     1 ||     1
  Use: Scroll            |       |     5 |     7 |     8 ||    20
       Potion            |       |     2 |     8 |     4 ||    14
  Eat: Chunk             |     2 |     6 |    21 |    22 ||    51
       Ration            |       |     1 |       |     2 ||     3
Armor: Leather armour    |    35 |    45 |       |       ||    80
       Ring mail         |       |    17 |   219 |    54 ||   290
       Chain mail        |       |       |       |    75 ||    75
       Scale mail        |       |       |       |    25 ||    25
Dodge: Dodged            |    49 |    80 |   249 |   182 ||   560

Table legend:
 A = Non-vault XP
 B = Vault XP
 C = Vault XP percentage of total XP
 D = Non-vault monster count
 E = Vault monster count
 F = Vault count percentage of total count
                 A         B        C        D         E       F
            +---------+---------+-------+---------+---------+-------
      Total |   14974 |    5086 |  25.4 |     230 |      98 |  29.9
            +---------+---------+-------+---------+---------+-------
        D:1 |      31 |       0 |   0.0 |      14 |       0 |   0.0
        D:2 |      55 |      23 |  29.5 |      18 |       6 |  25.0
        D:3 |     100 |      32 |  24.2 |      26 |       1 |   3.7
        D:4 |     636 |       0 |   0.0 |      30 |       0 |   0.0
        D:5 |     623 |      21 |   3.3 |      21 |       9 |  30.0
        D:6 |     641 |       0 |   0.0 |      15 |       0 |   0.0
        D:7 |     863 |     388 |  31.0 |      17 |       2 |  10.5
        D:8 |    1907 |    1148 |  37.6 |      27 |       6 |  18.2
        D:9 |    1124 |    1498 |  57.1 |      15 |      24 |  61.5
       D:10 |    1136 |       0 |   0.0 |      14 |       0 |   0.0
     Lair:2 |    6578 |     389 |   5.6 |      28 |       1 |   3.4
     Lair:3 |    1280 |     233 |  15.4 |       5 |       2 |  28.6
      Sewer |       0 |      32 | 100.0 |       0 |      19 | 100.0
     Bailey |       0 |    1310 | 100.0 |       0 |      27 | 100.0
   Gauntlet |       0 |      12 | 100.0 |       0 |       1 | 100.0
            +---------+---------+-------+---------+---------+-------
